 Dungeon Crawl Stone Soup version 0.28-a0-612-gcfc00ec14d (webtiles) character file.

Game seed: 9321455232401426960

10238 tilp the Destroyer (level 11, -2/51 HPs)
             Began as a Felid Hedge Wizard on Oct 5, 2021.
             Was a High Priest of Vehumet.
             Slain by a four-headed hydra (13 damage)
             ... on level 4 of the Lair of Beasts on Oct 6, 2021.
             The game lasted 00:59:23 (29776 turns).

tilp the Destroyer (Felid Hedge Wizard)            Turns: 29776, Time: 00:59:23

Health: -2/51      AC:  6    Str:  6    XL:     11   Next: 33%
Magic:  19/24      EV: 22    Int: 25    God:    Vehumet [*****.]
Gold:   1594       SH:  0    Dex: 16    Spells: 6/26 levels left
                                        Lives:  0   Deaths: 3

rFire   . . .      SeeInvis +     - Unarmed
rCold   . . .      Faith    .   (shield unavailable)
rNeg    . . .      Spirit   .   (armour unavailable)
rPois   .          Reflect  .   (helmet unavailable)
rElec   .          Harm     .   (cloak unavailable)
rCorr   .          Rampage  .   (gloves unavailable)
Will    +....                   (boots unavailable)
Stlth   ++........              A - amulet of magic regeneration
HPRegen 0.17/turn               b - +4 ring of protection
MPRegen 0.44/turn               e - +6 ring of intelligence

@: very slow
A: very small, claws 1, fangs 3, see invisible, speed 1, shaggy fur 2, stealthy
paws, no weapons or thrown items, no armour, multi-lived
a: Renounce Religion


You were on level 4 of the Lair of Beasts.
You worshipped Vehumet.
Vehumet was extremely pleased with you.
You visited 3 branches of the dungeon, and saw 16 of its levels.
You also visited: Ossuary and Ice Cave.

You collected 2554 gold pieces.
You spent 960 gold pieces at shops.

Inventory:

Jewellery
 b - a +4 ring of protection (left paw)
 e - a +6 ring of intelligence (right paw)
 t - a ring of flight
 x - a +6 ring of intelligence
 y - an amulet of the acrobat
 z - a ring of protection from cold
 A - an amulet of magic regeneration (around neck)
Wands
 u - a wand of flame (26)
 C - a wand of iceblast (6)
 D - a wand of paralysis (12)
Scrolls
 a - 12 scrolls of identify
 c - 5 scrolls of magic mapping
 i - 2 scrolls of blinking
 j - 4 scrolls of teleportation
 l - 4 scrolls of fear
 p - 2 scrolls of vulnerability
 E - a scroll of amnesia
 F - a scroll of silence
Potions
 d - 6 potions of haste
 f - 11 potions of curing
 g - 6 potions of flight
 h - 3 potions of attraction
 k - 5 potions of ambrosia
 m - 5 potions of mutation
 n - 5 potions of heal wounds
 o - 2 potions of cancellation
 q - 5 potions of berserk rage
 r - 4 potions of magic
 s - a potion of might
 v - 4 potions of brilliance
Miscellaneous
 w - a phantom mirror
 B - a piece from Xom's chessboard (15/15)


   Skills:
 + Level 8.2 Fighting
 + Level 8.3 Dodging
 + Level 8.4 Stealth
 + Level 8.2 Unarmed Combat
 - Level 8.0 Spellcasting
 - Level 10.0 Conjurations
 - Level 4.0 Hexes
 - Level 2.0 Summonings
 - Level 4.0 Translocations
 - Level 4.0 Fire Magic
 - Level 2.0 Air Magic
 - Level 2.0 Earth Magic
 - Level 2.0 Poison Magic
 + Level 4.5 Evocations


You had 6 spell levels left.
You knew the following spells:

 Your Spells              Type           Power      Damage    Failure   Level
a - Magic Dart            Conj           100%       1d8       1%          1
b - Call Imp              Summ           20%        N/A       4%          2
c - Blink                 Tloc           N/A        N/A       1%          2
d - Slow                  Hex            30%        N/A       1%          2
e - Mephitic Cloud        Conj/Pois/Air  33%        N/A       1%          3
f - Conjure Flame         Conj/Fire      45%        6-21      1%          3
g - Stone Arrow           Conj/Erth      80%        3d12      1%          3
h - Flame Wave            Conj/Fire      45%        3d9       1%          4

Your spell library contained the following spells:

 Spells                   Type           Power      Damage    Failure   Level
 Conjure Ball Lightning   Conj/Air       20%        3x3d6     21%         6
 Sandblast                Erth           40%        2d10      1%          1
 Scorch                   Fire           60%        2d8       1%          2
 Static Discharge         Conj/Air       40%        N/A       1%          2
 Dazzling Flash           Conj/Hex       90%        N/A       1%          3
 Inner Flame              Hex/Fire       30%        N/A       1%          3
 Sticky Flame             Conj/Fire      45%        2d6       1%          4
 Ignite Poison            Fire/Tmut/Pois 20%        N/A       2%          3
 Passwall                 Tmut/Erth      12%        N/A       6%          2
 Sublimation of Blood     Necr           5%         N/A       9%          2
 Wereblood                Tmut           10%        N/A       9%          2
 Cause Fear               Hex            15%        N/A       12%         4
 Silence                  Hex/Air        12%        N/A       43%         5
 Dispel Undead            Necr           10%        3d9       52%         4
 Agony                    Necr           10%        N/A       86%         5
 Summon Cactus Giant      Summ           10%        N/A       99%         6
 Summon Hydra             Summ           10%        N/A       100%        7
 Discord                  Hex            15%        N/A       100%        8


Dungeon Overview and Level Annotations

Branches:
Dungeon (11/15)            Temple (1/1) D:4            Lair (4/6) D:8
  Swamp (0/4) Lair:4       Spider (0/4) Lair:3          Orc (0/2) D:11
Ossuary (visited)           IceCv (visited)

Altars:
Ashenzari
Cheibriados
Dithmenos
Elyvilon
Fedhas
Gozag
Hepliaklqana
Kikubaaqudgha
Makhleb
Nemelex Xobeh
Okawaru
Qazlal
Ru
Sif Muna
Trog
Uskayaw
Vehumet
Wu Jian
Xom
Yredelemnul
Zin
The Shining One

Shops:
D:2 ?

Portals:
Abyss: D:8

Annotations:
D:7 2 transporters, sn0wgr3's ghost, novice MiFi
D:8 2 transporters, p0werm0de's ghost, novice VSCK
Lair:4 1 exclusion


Innate Abilities, Weirdness & Mutations

You have sharp claws.
You have razor-sharp teeth.
You have supernaturally acute eyesight. (SInv)
You cover ground quickly. (Speed+)
You are covered in thick fur. (AC +2)
Your paws help you pounce on unaware monsters.
You are incapable of wielding weapons or throwing items.
You cannot wear armour.
You gain extra lives every three experience levels.


Message History

Casting: Stone Arrow (safe; 1% risk of failure)
Confirm with . or Enter, or press ? or * to list all spells.
Casting: Flame Wave (dangerous; 1% risk of failure)
Press: ? - help, Dir - look around, f - activate A wave of flame ripples out! (Press . to intensify the flame waves.)
You hear an angry buzzing noise.
A four-headed hydra comes into view.
Unknown command.
A wave of flame ripples out!
The flame wave engulfs the four-headed hydra!
The four-headed hydra is moderately wounded.
The flame wave engulfs the swamp worm!
The swamp worm is moderately wounded.
The tree burns like a torch!
You are engulfed in a cloud of scalding steam.
You hear an angry hiss.
The four-headed hydra is engulfed in a cloud of scalding steam.
The four-headed hydra closely misses you.
The four-headed hydra barely misses you.
The four-headed hydra bites you!
* * * LOW HITPOINT WARNING * * *
The four-headed hydra misses you.
The swamp worm is engulfed in a cloud of scalding steam.
The swamp worm bites you.
* * * LOW HITPOINT WARNING * * *
The forest fire spreads!
Found 22 arrows.
Unknown command.
A wave of flame ripples out!
The flame wave engulfs the four-headed hydra!!
The four-headed hydra is severely wounded.
The flame wave engulfs the swamp worm!
The swamp worm is almost dead.
You smell burning wood.
The tree burns like a torch!
You are engulfed in a cloud of scalding steam.
* * * LOW HITPOINT WARNING * * *
The four-headed hydra is engulfed in a cloud of scalding steam.
The four-headed hydra bites you!
You die...

***,,,,,*,,,,,*,,,,,,,,,,,,*,****
**,,,,,,,*,*,***,,,,,,,+,,,,*,***
***,,,********♣♣♣♣♣*,**,,,,*,*,**
*******≈,,***♣♣≈≈≈♣♣#*,*,,,,,,*,,
,* **,≈≈,D,,,♣≈≈≈≈♣.###.,,,,,*,**
##♣*,,≈≈≈*.§,♣≈≈≈≈§..(..,,,,,,,,,
..♣*,,≈≈≈**♣.♣§§§§§§....,,,.,,,,,
..*,,*≈≈≈**♣..§§§§§§....,,..,,,,,
.♣♣,,*≈≈≈,*♣$..w@§§§....,.P.,*,**
..♣,,,,≈,,≈♣♣..D§§..#.......,,*,,
..♣*,,,,,,≈≈♣§.§§...##,....#,*,**
.#**,,*,,*≈≈♣§§§♣.§#.#......*,***
.# ********>♣♣♣#♣♣♣........#,****
.#♣ ♣♣♣P##.♣.........#.##,, ..#
#♣.[.##.....P......#..## .##
#...##.#..#.#....P..##.. .#
##...P.#...###...........


You could see a four-headed hydra and a swamp worm.

Vanquished Creatures
  Fannar (Lair:1)
  Harold (D:8)
  4 hydras
  Erica (Lair:1)
  Sonja (Lair:2)
  2 bog bodies (IceCv)
  An orb spider (Lair:3)
  2 black mambas (Lair:3)
  A gargoyle (D:10)
  An ice statue (IceCv)
  3 cane toads
  Psyche (D:10)
  4 komodo dragons
  A kobold demonologist (D:11)
  A rime drake (Lair:4)
  A freezing wraith (IceCv)
  A queen bee (Lair:1)
  A troll (D:11)
  A hornet (D:9)
  2 wraiths
  4 wyverns
  12 yaks
  5 death yak simulacra (IceCv)
  6 water moccasins
  A sky beast (D:8)
  2 ice beasts
  2 orc warriors
  4 ogres
  4 wolves (Lair:4)
  2 centaurs
  A phantom (D:4)
  A kobold brigand (D:8)
  4 bullfrogs
  2 scorpions
  6 two-headed ogre simulacra (IceCv)
  2 cane toad simulacra (IceCv)
  A gnoll sergeant (D:7)
  A water moccasin skeleton (D:5)
  An elephant simulacrum (IceCv)
  39 killer bees
  10 wights
  5 howler monkeys
  3 hounds
  4 jellies
  Crazy Yiuf (D:2)
  3 bullfrog skeletons
  A gnoll shaman (D:8)
  5 orc priests
  Natasha (thrice) (D:4)
  An iguana (D:7)
  4 orc wizards
  4 spriggan simulacra (IceCv)
  4 polar bear simulacra
  9 troll simulacra (IceCv)
  A wolf simulacrum (Lair:1)
  A hound zombie (D:3)
  A hound skeleton (D:3)
  7 mummies (Ossuary)
  9 adders
  7 gnolls
  4 naga simulacra (IceCv)
  6 white imps
  5 ufetubi
  3 adder skeletons
  2 adder zombies
  4 worms
  3 dart slugs
  45 orcs
  8 bats
  6 endoplasms
  5 giant cockroaches
  11 goblins
  8 hobgoblins
  3 jackals (D:4)
  7 quokkas
  7 ball pythons
  3 ball python zombies (D:3)
  3 frilled lizards
  A giant cockroach zombie (D:3)
  2 gnoll zombies (Ossuary)
  4 hobgoblin zombies (Ossuary)
  15 kobolds
  2 kobold zombies (Ossuary)
  A quokka skeleton (D:3)
  A quokka zombie (D:4)
  9 rats
  A rat zombie (D:4)
383 creatures vanquished.

Vanquished Creatures (collateral kills)
  A hydra (Lair:1)
  A necrophage (D:6)
  2 ogres
  A centaur (D:5)
  A scorpion (D:4)
  A bullfrog skeleton (D:6)
  A mummy (Ossuary)
  An adder (D:4)
  A howler monkey skeleton (D:7)
  An ufetubus (D:4)
  An orc (D:3)
  3 hobgoblins (D:4)
  2 quokkas (D:4)
17 creatures vanquished.

Vanquished Creatures (others)
  2 fungi
  6 plants
  4 withered plants (D:3)
12 creatures vanquished.

Grand Total: 412 creatures vanquished

Notes
Turn   | Place    | Note
-------+----------+-------------------------------------------
     0 | D:1      | tilp the Felid Hedge Wizard began the quest for the Orb.
     0 | D:1      | Reached XP level 1. HP: 7/7 MP: 5/5
    29 | D:1      | Reached skill level 1 in Conjurations
   199 | D:1      | Found a faded altar of an unknown god.
   417 | D:1      | Reached XP level 2. HP: 11/11 MP: 2/7
   490 | D:1      | Reached skill level 2 in Conjurations
  1059 | D:1      | Reached XP level 3. HP: 14/14 MP: 1/8
  1323 | D:1      | Learned a level 2 spell: Call Imp
  1326 | D:1      | Learned a level 2 spell: Blink
  1329 | D:1      | Learned a level 2 spell: Slow
  1420 | D:1      | Reached skill level 3 in Conjurations
  1834 | D:2      | Found Bumoiq's Distillery.
  1837 | D:2      | Bought a potion of degeneration for 12 gold pieces
  1837 | D:2      | Bought a potion of curing for 36 gold pieces
  1999 | D:2      | Reached XP level 4. HP: 15/18 MP: 1/9
  2183 | D:2      | Found Igybeva's Magic Scroll Emporium.
  2861 | D:2      | Found a runed translucent door.
  2862 | D:2      | Noticed Crazy Yiuf
  3093 | D:3      | Noticed an ogre
  3288 | D:3      | Reached skill level 4 in Conjurations
  3293 | D:3      | Reached skill level 1 in Unarmed Combat
  3517 | D:2      | Reached XP level 5. HP: 18/21 MP: 0/10
  5066 | D:3      | Reached skill level 1 in Fighting
  5370 | D:4      | Found a sand-covered staircase.
  5387 | Ossuary  | Entered an ossuary
  6143 | Ossuary  | Gained mutation: You are covered in thick fur. (AC +2)
                  | [Felid growth]
  6143 | Ossuary  | Reached XP level 6. HP: 25/25 MP: 1/11
  6993 | D:2      | Bought a potion of might for 48 gold pieces
  6993 | D:2      | Bought a potion of heal wounds for 60 gold pieces
  7030 | D:2      | Bought a scroll of blinking for 82 gold pieces
  7502 | D:4      | Found a staircase to the Ecumenical Temple.
  7514 | Temple   | Entered the Ecumenical Temple
  7700 | Temple   | Became a worshipper of Vehumet
  7915 | D:4      | Reached XP level 7. HP: 29/30 MP: 0/12
  8528 | D:4      | Found a white marble altar of Elyvilon.
  8528 | D:4      | Found a shimmering blue altar of Sif Muna.
  8759 | D:4      | Found a hazy altar of Hepliaklqana.
  8968 | D:4      | Reached skill level 5 in Dodging
  8968 | D:4      | Reached skill level 5 in Stealth
  9265 | D:4      | Found a stormy altar of Qazlal.
  9281 | D:4      | Found a basalt altar of Yredelemnul.
  9377 | D:4      | Noticed Natasha
  9383 | D:4      | Killed Natasha
  9393 | D:4      | Reached * piety under Vehumet
  9393 | D:4      | Offered knowledge of Sandblast by Vehumet.
  9648 | D:4      | Noticed Natasha
  9851 | D:4      | Reached XP level 8. HP: 34/34 MP: 7/13
  9986 | D:4      | Reached skill level 5 in Unarmed Combat
 10147 | D:4      | Identified a scroll of acquirement
 10147 | D:4      | Acquired 999 gold pieces
 10197 | D:2      | Bought a potion of curing for 36 gold pieces
 10197 | D:2      | Bought a potion of haste for 120 gold pieces
 10197 | D:2      | Bought a potion of curing for 36 gold pieces
 10197 | D:2      | Bought a potion of curing for 36 gold pieces
 10197 | D:2      | Bought a potion of attraction for 36 gold pieces
 10197 | D:2      | Bought a potion of magic for 96 gold pieces
 10197 | D:2      | Bought 2 potions of ambrosia for 192 gold pieces
 10197 | D:2      | Bought a potion of berserk rage for 60 gold pieces
 10234 | D:2      | Bought a scroll of identify for 22 gold pieces
 10234 | D:2      | Bought a scroll of identify for 22 gold pieces
 10234 | D:2      | Bought a scroll of identify for 22 gold pieces
 10234 | D:2      | Bought a scroll of identify for 22 gold pieces
 10234 | D:2      | Bought a scroll of identify for 22 gold pieces
 10464 | D:2      | Killed Crazy Yiuf
 10888 | D:4      | Found a staircase to the Ecumenical Temple.
 11165 | D:4      | Killed Natasha
 11301 | D:4      | Found a shimmering blue altar of Sif Muna.
 11301 | D:4      | Found a basalt altar of Yredelemnul.
 11302 | D:4      | Found a stormy altar of Qazlal.
 11303 | D:4      | Found a white marble altar of Elyvilon.
 11303 | D:4      | Found a hazy altar of Hepliaklqana.
 11357 | D:4      | Noticed Natasha
 11363 | D:4      | Killed Natasha
 11737 | D:5      | Entered Level 5 of the Dungeon
 12732 | D:5      | Learned a level 3 spell: Mephitic Cloud
 13099 | D:5      | Reached skill level 1 in Hexes
 13531 | D:6      | Reached skill level 1 in Air Magic
 13531 | D:6      | Reached skill level 1 in Poison Magic
 14147 | D:6      | Reached XP level 9. HP: 37/39 MP: 6/14
 14939 | D:7      | Found a transporter.
 14948 | D:7      | Noticed sn0wgr3's ghost (novice MiFi)
 14959 | D:7      | Found a transporter.
 16401 | D:6      | Learned a level 3 spell: Conjure Flame
 17280 | D:7      | Reached skill level 1 in Fire Magic
 17609 | D:7      | Reached skill level 5 in Conjurations
 17861 | D:8      | Noticed Harold
 17884 | D:8      | Reached skill level 1 in Evocations
 17909 | D:8      | Slain by Harold
 17910 | D:8      | Reached XP level 8. HP: 0/36 MP: 3/15
 18392 | D:8      | Reached ** piety under Vehumet
 18392 | D:8      | Offered knowledge of Foxfire by Vehumet.
 18613 | D:8      | Reached XP level 9. HP: 39/39 MP: 6/16
 18821 | D:8      | Reached skill level 6 in Conjurations
 19264 | D:8      | Found a shadowy altar of Dithmenos.
 19314 | D:8      | Learned a level 3 spell: Stone Arrow
 19371 | D:8      | Found a staircase to the Lair.
 19374 | D:8      | Found a transporter.
 19386 | D:8      | Noticed p0werm0de's ghost (novice VSCK)
 19387 | D:8      | Found a one-way gate to the infinite horrors of the Abyss.
 19411 | D:8      | Found a transporter.
 19418 | D:8      | Noticed a toenail golem
 19542 | D:8      | Killed Harold
 20256 | D:9      | Reached skill level 7 in Conjurations
 20796 | D:10     | Entered Level 10 of the Dungeon
 21000 | D:10     | Noticed a komodo dragon
 21005 | D:10     | Noticed Psyche
 21012 | D:10     | Killed a komodo dragon
 21013 | D:10     | Reached XP level 10. HP: 38/42 MP: 5/17
 21162 | D:10     | Identified the +1 chain mail "Pyaso" {rF+ Int-5 Dex+3 SInv}
 21283 | D:10     | Noticed a gargoyle
 21286 | D:10     | Killed a gargoyle
 21287 | D:10     | Reached skill level 5 in Spellcasting
 21287 | D:10     | Reached skill level 8 in Conjurations
 21474 | D:10     | Offered knowledge of Frozen Ramparts by Vehumet.
 21627 | D:10     | Killed Psyche
 21913 | D:11     | Reached *** piety under Vehumet
 21974 | D:11     | Noticed a rust devil
 22555 | D:11     | Offered knowledge of Hailstorm by Vehumet.
 22753 | D:11     | Noticed a cyclops
 23262 | D:11     | Found a staircase to the Orcish Mines.
 23368 | Lair:1   | Entered Level 1 of the Lair of Beasts
 23373 | Lair:1   | Noticed Fannar
 23383 | Lair:1   | Noticed a six-headed hydra
 23401 | Lair:1   | Killed a six-headed hydra
 23402 | Lair:1   | Reached skill level 5 in Fighting
 23409 | Lair:1   | Killed Fannar
 23419 | Lair:1   | Found a frozen archway.
 23463 | IceCv    | Entered an ice cave
 23509 | IceCv    | Reached XP level 11. HP: 23/48 MP: 10/21
 24717 | IceCv    | Learned a level 4 spell: Flame Wave
 24865 | IceCv    | Reached **** piety under Vehumet
 24868 | IceCv    | Offered knowledge of Dazzling Flash by Vehumet.
 25379 | IceCv    | Noticed a bog body
 25380 | IceCv    | Noticed a bog body
 25398 | IceCv    | Killed from afar by a bog body
 25399 | IceCv    | Reached XP level 10. HP: 0/45 MP: 20/20
 25411 | IceCv    | Killed a bog body
 25520 | IceCv    | Killed a bog body
 25809 | Lair:1   | Noticed Erica
 26134 | Lair:1   | Killed Erica
 26622 | Lair:1   | Reached XP level 11. HP: 48/48 MP: 16/22
 26622 | Lair:1   | Reached ***** piety under Vehumet
 26624 | Lair:1   | Offered knowledge of Conjure Ball Lightning by Vehumet.
 26746 | Lair:1   | Reached skill level 9 in Conjurations
 26928 | Lair:2   | Noticed Sonja
 26936 | Lair:2   | Killed Sonja
 27249 | Lair:2   | You fall into a shaft and drop 2 floors!
 27543 | Lair:2   | Noticed a five-headed hydra
 27553 | Lair:2   | Killed a five-headed hydra
 28157 | Lair:3   | Noticed a four-headed hydra
 28165 | Lair:3   | Slain by a four-headed hydra
 28166 | Lair:3   | Reached XP level 10. HP: 0/45 MP: 11/23
 28168 | Lair:3   | Killed a four-headed hydra
 28169 | Lair:3   | Reached skill level 10 in Conjurations
 28182 | Lair:3   | Noticed a black mamba
 28188 | Lair:3   | Killed a black mamba
 28226 | Lair:3   | Noticed a four-headed hydra
 28271 | Lair:3   | Killed a four-headed hydra
 28338 | Lair:3   | Found a hole to the Spider Nest.
 28338 | Lair:3   | Noticed an orb spider
 28344 | Lair:3   | Killed an orb spider
 28565 | Lair:3   | Noticed a cane toad
 28571 | Lair:3   | Killed a cane toad
 28572 | Lair:3   | Reached XP level 11. HP: 34/50 MP: 15/24
 29645 | Lair:4   | Noticed a five-headed hydra
 29652 | Lair:4   | Killed a five-headed hydra
 29663 | Lair:4   | Identified the +7 plate armour of the Morning Star {rC+
                  | Will+ Str+2}
 29773 | Lair:4   | Noticed a four-headed hydra
 29774 | Lair:4   | Noticed a four-headed hydra
 29776 | Lair:4   | Slain by a four-headed hydra

Illustrated notes

Levels and vault maps discovered:
D:1:      tarquinn_simple_flora_water_c, layout_basic,
          chequers_ecumenical_altar_island, st_stairs_5, minmay_hexomino_f4
D:2:      layout_loops_ring, serial_shops, shop_statue,
          nicolae_shop_behind_doors, hangedman_decor_points,
          uniq_crazy_yiuf_cottage
D:3:      layout_basic, serial_undead, serial_undead_f, serial_undead_d,
          serial_undead_a, serial_undead_b
D:4:      minmay_polygon_palace, layout_basic, grunt_temple_overflow_open,
          minmay_temple_entry_offerings, enter_ossuary_4,
          chequers_serial_rivers_micro_a, minmay_fractal_squares_5, uniq_natasha
D:5:      layout_basic
D:6:      layout_rooms
D:7:      layout_layer_cave, gammafunk_ghost_stat_death
D:8:      gammafunk_ghost_abyssal_escape, layout_basic,
          nicolae_dithmenos_through_a_glass_darkly, uniq_harold
D:9:      layout_basic
D:10:     layout_roguey, chequers_arboretum, uniq_psyche
D:11:     layout_basic, hiddenorc1_lemuel
Temple:   regret_index_temple_sphere_string
Lair:1:   layout_long_grid, portal_ice_cave_entry_ice_simulacra, special_room
          [special_room_bee], uniq_erica, uniq_fannar
Lair:2:   layout_roguey, serial_bayou_shore_b, infiniplex_staircase_pool_2,
          lemuel_fruit_tree, lemuel_fruit_fields, serial_bayou_shore_a,
          uniq_sonja
Lair:3:   layout_regular_city, nicolae_spider_entry_orb_guardian,
          eino_small_chamber_without_monster
Lair:4:   regret_index_bee_streams, layout_regular_city,
          palyth_hydra_swamp_entry, serial_bayou_shore_b

Skill      XL: |  1  2  3  4  5  6  7  8  9 10 11 |
---------------+----------------------------------+-----
Conjurations   | 1 2 3 4 7 10 9 | 10.0
Unarmed Combat | 1 2 4 6 7 8 |  8.2
Stealth        | 3 4 5 8 |  8.4
Dodging        | 3 4 5 6 7 8 |  8.3
Fighting       | 1 2 3 4 7 8 |  8.2
Hexes          | 2 4 |  4.0
Translocations | 2 4 |  4.0
Air Magic      | 1 2 |  2.0
Poison Magic   | 1 2 |  2.0
Summonings     | 2 |  2.0
Fire Magic     | 2 4 |  4.0
Spellcasting   | 4 7 8 |  8.0
Evocations     | 3 4 |  4.5
Earth Magic    | 2 |  2.0

Action                   |  1- 3 |  4- 6 |  7- 9 | 10-12 || total
-------------------------+-------+-------+-------+-------++-------
Melee: Unarmed           |    25 |    62 |   133 |    60 ||   280
       Bite              |     3 |     5 |    17 |     6 ||    31
       Punch             |       |     1 |       |     1 ||     2
 Cast: Magic Dart        |    98 |   272 |   525 |    37 ||   932
       Call Imp          |       |    11 |    25 |       ||    36
       Blink             |       |     1 |       |     1 ||     2
       Conjure Flame     |       |       |    12 |    10 ||    22
       Mephitic Cloud    |       |       |    19 |    16 ||    35
       Stone Arrow       |       |       |    21 |   227 ||   248
       Flame Wave        |       |       |       |    23 ||    23
Evoke: Wand              |       |       |     2 |     2 ||     4
       Phantom mirror    |       |       |       |     2 ||     2
  Use: Scroll            |     2 |     6 |    11 |     4 ||    23
       Potion            |       |       |     1 |     3 ||     4
 Stab: Sleeping          |       |     3 |     7 |     2 ||    12
       Confused          |       |       |    13 |     9 ||    22
Armor: Skin              |     8 |    13 |    36 |    16 ||    73
Dodge: Dodged            |    36 |    58 |   227 |   143 ||   464

Table legend: (Time is in decaauts)
 A = Elapsed time spent in this place.
 B = Non-inter-level travel time spent in this place.
 C = Inter-level travel time spent in this place.
 D = Time resting spent in this place.
 E = Time spent auto-exploring this place.
 F = Levels seen in this place.
 G = Mean time per level.
                   A        B        C        D        E       F      G
               +--------+--------+--------+--------+--------+-----+--------+
         Total |  26990 |  25593 |   1397 |   8840 |  12763 |  18 | 1499.4 |
       Dungeon |  19451 |  18245 |   1206 |   5141 |  10195 |  11 | 1768.3 |
        Temple |    168 |    153 |     15 |      0 |    141 |   1 |  168.0 |
          Lair |   3646 |   3471 |    175 |   1187 |   1751 |   4 |  911.5 |
       Ossuary |   1526 |   1526 |      0 |   1105 |    205 |   1 | 1526.0 |
      Ice Cave |   2197 |   2197 |      0 |   1406 |    468 |   1 | 2197.0 |
               +--------+--------+--------+--------+--------+-----+--------+

Top non-repeatable levels by time:
     D:4: 3485 daAuts
     D:7: 2823 daAuts
     D:2: 2484 daAuts
   IceCv: 2197 daAuts
     D:3: 1647 daAuts
     D:1: 1573 daAuts
 Ossuary: 1526 daAuts
     D:5: 1525 daAuts
     D:8: 1525 daAuts
     D:6: 1447 daAuts
  Lair:1: 1373 daAuts
    D:11: 1251 daAuts
  Lair:3: 1047 daAuts
    D:10: 984 daAuts
     D:9: 704 daAuts
